 Dungeon Crawl Stone Soup version 0.30-a0-141-g30f27751c5 (webtiles) character file.

Game seed: 12148691678583486766

168 qw the Chopper (level 5, -6/32 HPs)
             Began as a Gargoyle Fighter on Sept 25, 2022.
             Mangled by an ogre
             ... wielding a +0 giant spiked club
              (21 damage)
             ... on level 4 of the Dungeon.
             The game lasted 00:01:04 (3238 turns).

qw the Chopper (Gargoyle Fighter)                   Turns: 3238, Time: 00:01:05

Health: -6/32      AC: 12    Str: 22    XL:     5   Next: 49%
Magic:  5/5        EV:  9    Int:  8    God:
Gold:   149        SH:  5    Dex: 15    Spells: 4/4 levels left

rFire   . . .      SeeInvis .    Y - +0 war axe (venom)
rCold   . . .      Faith    .    c - +0 buckler
rNeg    + . .      Spirit   .    b - +0 scale mail
rPois   inf        Reflect  .    (no helmet)
rElec   +          Harm     .    (no cloak)
rCorr   .          Rampage  .    l - +0 pair of gloves
Will    .....                    (no boots)
Stlth   ..........               f - amulet of the acrobat
HPRegen 0.10/turn                h - +6 ring of dexterity
MPRegen 0.09/turn                (no ring)

@: no status effects
A: sickness immunity, AC +4, negative energy resistance 1, electricity
resistance, torment resistance 1, petrification resistance
a: no special abilities


You were on level 4 of the Dungeon.
You visited 1 branch of the dungeon, and saw 4 of its levels.

You collected 149 gold pieces.


Innate Abilities, Weirdness & Mutations

You are immune to sickness and miasma.
Your stone body is resilient. (AC +4)
You are immune to poison.
You resist negative energy. (rN+)
You are resistant to electric shocks. (rElec)
You are resistant to unholy torment.
You are immune to petrification.


   Skills:
 - Level 3.2 Fighting
 + Level 4.8 Axes
 - Level 3.2 Armour
 - Level 1.0 Dodging
 - Level 3.2 Shields


You had 4 spell levels left.
You didn't know any spells.
Your spell library was empty.

Inventory:

Hand Weapons
 e - a +0 morningstar
 Y - a +0 war axe of venom (weapon)
Missiles
 o - 3 boomerangs (quivered)
Armour
 b - a +0 scale mail (worn)
 c - a +0 buckler (worn)
 l - a +0 pair of gloves (worn)
Jewellery
 f - an amulet of the acrobat (around neck)
 h - a +6 ring of dexterity (left hand)
Scrolls
 a - 2 scrolls of identify
Potions
 d - a potion of might
 g - 2 potions of curing
 i - a potion of mutation {unknown}
 j - a potion of cancellation {unknown}
 k - a potion of haste
 p - a potion of heal wounds {unknown}
 q - a potion of berserk rage {unknown}

Dungeon Overview and Level Annotations

Branches:
Dungeon (4/15)
 Temple: D:4-7

Altars:


Message History

The goblin hits you but does no damage.
You slash the goblin!
You kill the goblin!
You start resting.
HP restored.
Things that are here:
a +0 club; a goblin corpse
Found a stone staircase leading down.
Enter note: A dart slug comes into view.
You see here 15 gold pieces.
A hobgoblin comes into view.
You slash the dart slug!
You kill the dart slug!
You slash the hobgoblin!
You kill the hobgoblin!
a - 2 scrolls of identify (gained 1)
You now have 149 gold pieces (gained 15).
You see here a +1 short sword of venom.
i - a fuming black potion An ogre comes into view.
It is wielding a +0 giant spiked club.
Throw: 3 boomerangs
Press: ? - help, Q - select action Shift-Dir - straight line, f - ogre You throw a boomerang.
The boomerang barely misses the ogre.
Throw: 3 boomerangs
Press: ? - help, Q - select action Shift-Dir - straight line, f/p - ogre You throw a boomerang.
The boomerang hits the ogre but does no damage.
Throw: 3 boomerangs
Press: ? - help, Q - select action Shift-Dir - straight line, f/p - ogre You throw a boomerang.
The boomerang closely misses the ogre.
You slash the ogre!
The ogre is poisoned.
The ogre is moderately wounded.
The ogre hits you with a +0 giant spiked club!
Ouch! That really hurt!
You hit the ogre.
The ogre looks as sick as possible!
The ogre is heavily wounded.
The ogre hits you with a +0 giant spiked club!!
Ouch! That really hurt!
You die...

####....#.###..#
####.#.##.#.##
#.#.#.###.##
#.#..## ##..
#.#...###.##
#######.#..#)#.##
#........%.##.##
#.#####.##.#######
#@# #.##........
#O# #...........
#.# ####>.######
#.# #..# #.# #..#
#.# #... #.# ##.#
#.# .#


You could see an ogre (extremely poisoned).

Vanquished Creatures
  An orc priest (D:3)
  An orc wizard (D:3)
  3 adders
  An ufetubus (D:4)
  A dart slug (D:4)
  4 orcs (D:3)
  11 ball pythons
  10 endoplasms
  7 giant cockroaches
  5 goblins
  7 hobgoblins
  3 jackals (D:2)
  5 kobolds
  A quokka (D:2)
  6 bats
  3 frilled lizards
  2 rats
71 creatures vanquished.

Vanquished Creatures (others)
  2 fungi (D:4)
2 creatures vanquished.

Grand Total: 73 creatures vanquished

Notes
Turn   | Place    | Note
-------+----------+-------------------------------------------
     0 | D:1      | qw the Gargoyle Fighter began the quest for the Orb.
     0 | D:1      | Reached XP level 1. HP: 14/14 MP: 1/1
     0 | D:1      | 0 ||| qw: Version: 0.2-a-10-g399e6c4
     0 | D:1      | 0 ||| qw: Game counter: 329
     0 | D:1      | 0 ||| qw: Always use a shield: true
     0 | D:1      | 0 ||| qw: God list: Okawaru
     0 | D:1      | 0 ||| qw: Allow faded altars: false
     0 | D:1      | 0 ||| qw: Do Orc after D:15 true
     0 | D:1      | 0 ||| qw: Do second Lair branch before Depths: true
     0 | D:1      | 0 ||| qw: Lair rune preference: random
     0 | D:1      | 0 ||| qw: Plans: Normal, Zot:1-4, God:TSO, Crypt, Tomb,
                  | Pan, Slime:5, Hells, Abyss, Orb
     0 | D:1      | 0 ||| PLANNING D:1-11
    40 | D:1      | Reached skill level 2 in Axes
   280 | D:1      | Reached XP level 2. HP: 19/19 MP: 2/2
   730 | D:1      | 730 ||| UPGRADING to +6 ring of dexterity.
   731 | D:1      | 731 ||| READING 2 scrolls labelled SARPHE BOELUCZURI.
   732 | D:1      | 732 ||| DRINKING 2 pink potions.
   833 | D:2      | 833 ||| Stepping ~*~*~tactically~*~*~ (stealth).
   836 | D:2      | Reached skill level 3 in Axes
   838 | D:2      | 838 ||| Stepping ~*~*~tactically~*~*~ (stealth).
   841 | D:2      | 841 ||| Stepping ~*~*~tactically~*~*~ (stealth).
   844 | D:2      | 844 ||| Stepping ~*~*~tactically~*~*~ (stealth).
   848 | D:2      | Reached XP level 3. HP: 23/23 MP: 3/3
   867 | D:2      | Found the +3 woodcutter's axe {vorpal}
   868 | D:2      | Found a faded altar of an unknown god.
   878 | D:2      | Reached skill level 1 in Dodging
  1424 | D:2      | 1424 ||| Stepping ~*~*~tactically~*~*~ (stealth).
  1425 | D:2      | 1425 ||| Stepping ~*~*~tactically~*~*~ (stealth).
  1433 | D:2      | Reached XP level 4. HP: 26/28 MP: 4/4
  1508 | D:2      | 1508 ||| Stepping ~*~*~tactically~*~*~ (stealth).
  1549 | D:2      | 1549 ||| Stepping ~*~*~tactically~*~*~ (stealth).
  1588 | D:2      | 1588 ||| Stepping ~*~*~tactically~*~*~ (stealth).
  1729 | D:2      | 1729 ||| UPGRADING to amulet of the acrobat.
  1734 | D:2      | 1734 ||| READING scroll labelled QISUMODAFF.
  1735 | D:2      | 1735 ||| READING scroll labelled NYAM CUIHIOKUJYIDE.
  1829 | D:3      | 1829 ||| Stepping ~*~*~tactically~*~*~ (stealth).
  1930 | D:3      | 1930 ||| Stepping ~*~*~tactically~*~*~ (stealth).
  1932 | D:3      | 1932 ||| Stepping ~*~*~tactically~*~*~ (stealth).
  1934 | D:3      | 1934 ||| Stepping ~*~*~tactically~*~*~ (hiding).
  1938 | D:3      | 1938 ||| FLEEEEING.
  1939 | D:3      | 1939 ||| FLEEEEING.
  1940 | D:3      | 1940 ||| FLEEEEING.
  1941 | D:3      | 1941 ||| FLEEEEING.
  1942 | D:3      | 1942 ||| FLEEEEING.
  1943 | D:3      | 1943 ||| FLEEEEING.
  1944 | D:3      | 1944 ||| FLEEEEING.
  1945 | D:3      | 1945 ||| FLEEEEING.
  1946 | D:3      | 1946 ||| FLEEEEING.
  1947 | D:3      | 1947 ||| FLEEEEING.
  1948 | D:3      | 1948 ||| FLEEEEING.
  1949 | D:3      | 1949 ||| FLEEEEING.
  1950 | D:3      | 1950 ||| FLEEEEING.
  1951 | D:3      | 1951 ||| FLEEEEING.
  1952 | D:3      | 1952 ||| FLEEEEING.
  1953 | D:3      | 1953 ||| FLEEEEING.
  1954 | D:3      | 1954 ||| FLEEEEING.
  1955 | D:3      | 1955 ||| FLEEEEING.
  1956 | D:3      | 1956 ||| FLEEEEING.
  1957 | D:3      | 1957 ||| FLEEEEING.
  1958 | D:3      | 1958 ||| FLEEEEING.
  1959 | D:3      | 1959 ||| FLEEEEING.
  1960 | D:3      | 1960 ||| FLEEEEING.
  1961 | D:3      | 1961 ||| FLEEEEING.
  1966 | D:3      | HP: 1/28 [orc priest/+0 morningstar (10)]
  1968 | D:3      | Reached skill level 4 in Axes
  2269 | D:3      | 2269 ||| DROPPING +0 whip.
  2273 | D:3      | 2273 ||| DROPPING +0 flail.
  2296 | D:3      | 2296 ||| Stepping ~*~*~tactically~*~*~ (hiding).
  2303 | D:3      | Reached XP level 5. HP: 24/32 MP: 5/5
  2304 | D:3      | 2304 ||| Stepping ~*~*~tactically~*~*~ (stealth).
  2441 | D:3      | 2441 ||| Stepping ~*~*~tactically~*~*~ (stealth).
  2444 | D:3      | 2444 ||| Stepping ~*~*~tactically~*~*~ (stealth).
  2445 | D:3      | 2445 ||| Stepping ~*~*~tactically~*~*~ (stealth).
  2716 | D:3      | 2716 ||| Stepping ~*~*~tactically~*~*~ (stealth).
  2856 | D:3      | 2856 ||| Stepping ~*~*~tactically~*~*~ (stealth).
  3023 | D:3      | 3023 ||| UPGRADING to +0 pair of gloves.
  3028 | D:3      | 3028 ||| READING scroll labelled ZEFEKHLUTEM.
  3029 | D:3      | 3029 ||| READING scroll labelled BYOBAY DENU.
  3030 | D:3      | 3030 ||| READING scroll labelled ASTIAL PUKOAX.
  3031 | D:3      | 3031 ||| READING 2 scrolls of identify.
  3031 | D:3      | 3031 ||| IDENTIFYING silvery potion
  3032 | D:3      | 3032 ||| DROPPING potion of flight.
  3232 | D:4      | Noticed an ogre
  3238 | D:4      | Mangled by an ogre

Levels and vault maps discovered:
D:1:      pf_arrival_petrified_forest, layout_basic
D:2:      minmay_recursive_quarters, layout_basic,
          nicolae_ecumenical_snake_handling
D:3:      layout_loops_corners, hangedman_decor_growths
D:4:      layout_loops_ring, grunt_gozag_statues,
          minmay_temple_entry_butterflies, hangedman_abyss_or_decor_stagger,
          uniq_menkaure, uniq_crazy_yiuf_cottage, uniq_edmund, uniq_sigmund

Skill      XL: |  1  2  3  4 |
---------------+-------------+-----
Axes           | 2 3 4 |  4.8
Dodging        | 1 |  1.0
Fighting       | |  3.2
Armour         | |  3.2
Shields        | |  3.2

Action                   |  1- 3 |  4- 6 || total
-------------------------+-------+-------++-------
Melee: War axe           |   105 |    63 ||   168
Throw: Boomerang         |       |    13 ||    13
  Use: Scroll            |     1 |     6 ||     7
       Potion            |     1 |       ||     1
Armor: Scale mail        |    50 |    29 ||    79
Dodge: Dodged            |    40 |    20 ||    60
Block: Buckler           |    22 |     9 ||    31

Table legend:
 A = Non-vault XP
 B = Vault XP
 C = Vault XP percentage of total XP
 D = Non-vault monster count
 E = Vault monster count
 F = Vault count percentage of total count
                 A         B        C        D         E       F
            +---------+---------+-------+---------+---------+-------
      Total |     211 |      30 |  12.4 |      59 |      12 |  16.9
            +---------+---------+-------+---------+---------+-------
        D:1 |      25 |       0 |   0.0 |      15 |       0 |   0.0
        D:2 |      36 |      30 |  45.5 |      21 |      12 |  36.4
        D:3 |     118 |       0 |   0.0 |      17 |       0 |   0.0
        D:4 |      32 |       0 |   0.0 |       6 |       0 |   0.0
            +---------+---------+-------+---------+---------+-------
